 Dungeon Crawl Stone Soup version 0.22-a0-448-g1fb7470 (webtiles) character file.

32168 Darkstone the Severer (level 13, -4/175 HPs)
             Began as a Minotaur Berserker on June 4, 2018.
             Was a Priest of Trog.
             Slain by a death yak (19 damage)
             ... on level 4 of the Lair of Beasts.
             The game lasted 01:29:34 (20461 turns).

Darkstone the Severer (Minotaur Berserker)         Turns: 20461, Time: 01:29:35

Health: -4/175     AC: 20    Str: 27    XL:     13   Next: 29%
Magic:  12/12      EV: 13    Int:  4    God:    Trog [***...]
Gold:   896        SH:  3    Dex: 15    Spells: 12/12 levels left

rFire    + . .     SeeInvis +   c - +0 broad axe
rCold    . . .     Gourm    .   f - +0 buckler
rNeg     . . .     Faith    .   F - +0 plate armour
rPois    .         Spirit   .   (helmet restricted)
rElec    .         Reflect  .   d - +0 cloak {+Inv}
rCorr    .         Harm     .   u - +2 pair of gloves
MR       .....                  (no boots)
Stlth    ..........             (no amulet)
HPRegen  0.39/turn              l - ring of see invisible
MPRegen  0.13/turn              J - ring of protection from fire

@: berserking, very quick
A: retaliatory headbutt, horns 2
a: Berserk, Trog's Hand, Renounce Religion, Evoke Invisibility


You were on level 4 of the Lair of Beasts.
You worshipped Trog.
Trog was most pleased with you.
You were not hungry.

You visited 3 branches of the dungeon, and saw 16 of its levels.

You collected 896 gold pieces.

Inventory:

Hand Weapons
 c - a +0 broad axe (weapon)
 h - a +3 longbow of flaming
 K - a +4 hand axe
 P - a +0 hand axe of venom
Missiles
 i - 19 arrows
 q - 4 tomahawks of returning (quivered)
 M - 3 poisoned javelins
Armour
 a - a +2 pair of boots
 d - a +0 cloak of invisibility (worn)
 f - a +0 buckler (worn)
 r - a +1 scale mail of poison resistance
 u - a +2 pair of gloves (worn)
 F - a +0 plate armour (worn)
Jewellery
 l - a ring of see invisible (left hand)
 A - an uncursed ring of flight
 I - an uncursed ring of protection from cold
 J - a ring of protection from fire (right hand)
 S - an uncursed amulet of rage {unknown}
 T - an uncursed ring of magical power {unknown}
Wands
 n - a wand of disintegration (22)
 t - a wand of acid (2)
 v - a wand of flame (17)
 w - a wand of iceblast (24)
 L - a wand of enslavement (11)
Scrolls
 b - a scroll of magic mapping
 m - 4 scrolls of blinking
 x - 3 scrolls of teleportation
 y - 3 scrolls of identify
 z - a scroll of enchant weapon
 C - a scroll of fear
 E - a scroll of enchant armour
 H - 9 scrolls of remove curse
Potions
 g - 4 potions of haste
 j - 4 potions of agility
 k - 2 potions of cancellation
 o - a potion of magic
 p - 4 potions of might
 B - a potion of ambrosia
 D - 3 potions of brilliance
 G - a potion of flight
 N - a potion of berserk rage
 O - a potion of heal wounds
Comestibles
 e - 17 rations


   Skills:
 + Level 11.7 Fighting
 * Level 15.4 Axes
 + Level 11.4 Armour
 + Level 10.6 Dodging
 + Level 8.6 Stealth


You had 12 spell levels left.
You didn't know any spells.
Your spell library contained the following spells:

 Spells                   Type           Power        Failure   Level  Hunger
 Magic Dart               Conj           #...         100%        1    ##.....
 Conjure Flame            Conj/Fire      #.......     100%        3    ####...
 Slow                     Hex            #.......     100%        2    ###....
 Mephitic Cloud           Conj/Pois/Air  #.......     100%        3    ####...
 Blink                    Tloc           N/A          100%        2    ###....
 Call Imp                 Summ           #.......     100%        2    ###....


Dungeon Overview and Level Annotations

Branches:
Dungeon (11/15)            Temple (1/1) D:6            Lair (4/6) D:10
 Shoals (0/4) Lair:4       Spider (0/4) Lair:2          Orc (0/2) D:9

Altars:
Ashenzari
Cheibriados
Dithmenos
Elyvilon
Fedhas
Gozag
Hepliaklqana
Kikubaaqudgha
Makhleb
Nemelex Xobeh
Okawaru
Qazlal
Ru
Sif Muna
Trog
Uskayaw
Vehumet
Wu Jian
Xom
Yredelemnul
Zin
The Shining One

Shops:
D:10 [


Innate Abilities, Weirdness & Mutations

You reflexively headbutt those who attack you in melee.
You have a pair of horns on your head.


Message History

A yak comes into view.
The death yak barely misses you. You furiously retaliate!
You headbutt the death yak!
You are too berserk!
The yak bellows!
You hit the death yak.
The death yak is moderately wounded.
You slice the komodo dragon!! You hit the death yak.
The komodo dragon closely misses you. The death yak gores you!
* * * LOW HITPOINT WARNING * * *
You open the komodo dragon like a pillowcase!!!
You kill the komodo dragon!
Trog accepts your kill.
You slash the death yak! You barely miss the death yak.
The death yak gores you!
* * * LOW HITPOINT WARNING * * *
You barely miss the death yak.
The death yak is heavily wounded.
You slash the death yak! The death yak gores you!!
You die...

...........÷÷................
.............................
..§.........................
............................
............................
P.##................########
#.#....#...P#.###Y...#
.#...##...####YY..#.....
......†@#........
.......####Y...... .......
#...### .#..... ....# #..#.#
..... ...... ...$ ...... .#
###


You could see 2 death yaks and a yak.

Vanquished Creatures
  Nessos (Lair:4)
  Josephine (D:11)
  The ghost of loopi the Ogre Mage, a journeyman OgFE of Okawaru (D:11)
  A hydra (Lair:4)
  A death knight (D:11)
  A two-headed ogre (D:11)
  2 death yaks (Lair:4)
  A phantasmal warrior (D:11)
  Pikel (D:8)
  A wolf spider (Lair:2)
  A cyclops (D:10)
  An ugly thing (D:11)
  An elephant (Lair:3)
  A centaur zombie (D:11)
  Psyche (D:8)
  7 spiny frogs
  A black mamba (Lair:2)
  5 komodo dragons
  A kobold demonologist (D:11)
  2 trolls
  A polar bear (Lair:4)
  Prince Ribbit (D:7)
  21 blink frogs
  A meliai zombie (D:11)
  4 hippogriffs
  A snapping turtle (Lair:4)
  19 yaks
  A wyvern (Lair:3)
  The ghost of DemiseSR the Chopper, an amateur MiBe of Trog (D:5)
  3 wraiths (D:10)
  A steam dragon (D:8)
  2 basilisks
  A hungry ghost (D:10)
  The ghost of XxPorxDaPigxX the Shield-Bearer, an amateur GrFi (D:3)
  5 water moccasins
  A swamp drake (D:9)
  6 porcupines
  An ice beast (D:10)
  5 orc warriors
  A black bear (D:7)
  3 phantoms
  4 ogres
  6 wolves (Lair:3)
  2 centaurs (D:10)
  4 crocodiles
  A big kobold (D:8)
  Blork the orc (D:5)
  11 bullfrogs
  6 scorpions
  19 killer bees
  3 wights (D:10)
  3 howler monkeys
  2 crimson imps
  A quasit (D:11)
  8 hounds
  8 jellies
  7 orc wizards
  A gnoll shaman (D:10)
  5 orc priests
  4 iguanas
  7 worker ants
  2 hound zombies
  A worker ant zombie (D:9)
  8 gnolls
  17 adders
  7 oozes
  An adder zombie (D:8)
  A worm (D:2)
  A dart slug (D:4)
  2 leopard geckos (D:7)
  33 orcs
  8 bats
  5 giant cockroaches
  5 goblins
  2 hobgoblins
  2 jackals (D:5)
  2 quokkas
  A ball python (D:4)
  5 frilled lizards
  7 kobolds
  A leopard gecko skeleton (D:4)
  9 rats
  4 fungi
  3 plants
342 creatures vanquished.

Vanquished Creatures (collateral kills)
  3 hydras
  A skeletal warrior (D:11)
  A phantasmal warrior (D:11)
  3 elephants (Lair:3)
  A wraith (D:11)
  A porcupine (Lair:3)
  2 eyes of draining (D:11)
  A bullfrog (D:11)
  An orc priest (D:11)
14 creatures vanquished.

Vanquished Creatures (others)
  4 slaves (D:8)
  An orc (D:9)
  A giant cockroach (D:3)
  2 fungi
  A plant (Lair:2)
9 creatures vanquished.

Grand Total: 365 creatures vanquished

Notes
Turn   | Place    | Note
-------+----------+-------------------------------------------
     0 | D:1      | Darkstone the Minotaur Berserker began the quest for the Orb.
     0 | D:1      | Reached XP level 1. HP: 19/19 MP: 0/0
   234 | D:1      | Reached XP level 2. HP: 20/27 MP: 1/1
   564 | D:1      | Reached skill level 4 in Axes
  1468 | D:2      | Reached XP level 3. HP: 33/33 MP: 2/2
  1538 | D:2      | Reached skill level 1 in Stealth
  1709 | D:2      | Reached XP level 4. HP: 40/40 MP: 3/3
  1907 | D:2      | Reached ** piety under Trog
  2062 | D:2      | Found a sparkling altar of Nemelex Xobeh.
  2315 | D:3      | Reached XP level 5. HP: 32/47 MP: 4/4
  2655 | D:3      | Reached skill level 5 in Axes
  2918 | D:3      | Noticed XxPorxDaPigxX's ghost (amateur GrFi)
  2949 | D:3      | Killed XxPorxDaPigxX's ghost
  2949 | D:3      | Reached XP level 6. HP: 55/55 MP: 5/5
  3499 | D:4      | Reached skill level 5 in Fighting
  3499 | D:4      | Reached skill level 6 in Axes
  3840 | D:5      | Entered Level 5 of the Dungeon
  4292 | D:4      | Reached XP level 7. HP: 53/61 MP: 6/6
  4574 | D:4      | Reached *** piety under Trog
  4930 | D:5      | Reached skill level 7 in Axes
  5158 | D:5      | Found a sparkling altar of Nemelex Xobeh.
  5195 | D:5      | Noticed DemiseSR's ghost (amateur MiBe)
  5204 | D:5      | Noticed Blork the orc
  5207 | D:5      | Killed DemiseSR's ghost
  5207 | D:5      | Reached skill level 5 in Armour
  5207 | D:5      | Reached XP level 8. HP: 70/70 MP: 7/7
  5434 | D:5      | Killed Blork the orc
  5570 | D:5      | Found a radiant altar of Vehumet.
  6139 | D:6      | Found a staircase to the Ecumenical Temple.
  6173 | D:6      | Reached skill level 8 in Axes
  6244 | D:6      | Reached skill level 5 in Dodging
  6324 | D:6      | Got an ancient helmet
  6419 | D:6      | Found an ornate altar of the Wu Jian Council.
  6718 | Temple   | Entered the Ecumenical Temple
  6903 | D:7      | Noticed Prince Ribbit
  6912 | D:7      | Killed Prince Ribbit
  7032 | D:7      | Reached skill level 9 in Axes
  7032 | D:7      | Reached XP level 9. HP: 73/78 MP: 8/8
  8542 | D:8      | Found an ancient bone altar of Kikubaaqudgha.
  8592 | D:8      | Noticed Psyche
  8615 | D:8      | Killed Psyche
  8694 | D:8      | Reached skill level 10 in Axes
  8702 | D:8      | Noticed Pikel
  8732 | D:8      | Killed Pikel
  8732 | D:8      | Reached skill level 5 in Stealth
  8981 | D:8      | Reached **** piety under Trog
  8981 | D:8      | Reached XP level 10. HP: 88/88 MP: 9/9
  8986 | D:8      | Found a burning altar of Makhleb.
  9960 | D:10     | Entered Level 10 of the Dungeon
  9977 | D:9      | Reached skill level 11 in Axes
 10075 | D:9      | You fall through a shaft for 2 floors!
 10075 | D:11     | Noticed a two-headed ogre
 10091 | D:11     | Killed a two-headed ogre
 10174 | D:11     | Noticed a cyan ugly thing
 10180 | D:11     | Killed a cyan ugly thing
 10479 | D:10     | Found Uhilois's Antique Armour Shoppe.
 10884 | D:10     | Paralysed by fainting for 11 turns
 11239 | D:9      | Found an iron altar of Okawaru.
 11566 | D:9      | Reached skill level 12 in Axes
 11903 | D:9      | Reached ***** piety under Trog
 11908 | D:9      | Found a staircase to the Orcish Mines.
 11940 | D:9      | Reached XP level 11. HP: 84/97 MP: 10/10
 12634 | D:10     | Found a staircase to the Lair.
 12940 | D:11     | Noticed Josephine
 13215 | D:11     | Noticed loopi's ghost (journeyman OgFE)
 13220 | D:11     | Killed Josephine
 13463 | D:11     | Killed loopi's ghost
 13802 | D:11     | Received a gift from Trog
 14204 | D:11     | Reached skill level 13 in Axes
 14219 | D:11     | Reached skill level 10 in Fighting
 14566 | D:11     | Noticed a death knight
 14571 | D:11     | Noticed a phantasmal warrior
 14579 | D:11     | Noticed a phantasmal warrior
 14596 | D:11     | Noticed a skeletal warrior
 14605 | D:11     | Killed a phantasmal warrior
 14612 | D:11     | Killed a death knight
 14631 | D:11     | Killed a phantasmal warrior
 14634 | D:11     | Killed a skeletal warrior
 14881 | Lair:1   | Entered Level 1 of the Lair of Beasts
 14881 | Lair:1   | Found a radiant altar of Vehumet.
 15164 | Lair:1   | Reached XP level 12. HP: 106/106 MP: 11/11
 15170 | Lair:1   | Reached skill level 10 in Armour
 15814 | Lair:1   | Noticed a five-headed hydra
 15833 | Lair:1   | Killed a five-headed hydra
 15833 | Lair:1   | Reached skill level 14 in Axes
 16134 | Lair:1   | Got an ichor-stained glaive
 16606 | Lair:2   | Noticed an eight-headed hydra
 16612 | Lair:2   | Killed a nine-headed hydra
 16814 | Lair:2   | Found a hole to the Spider Nest.
 17236 | Lair:2   | Reached skill level 10 in Dodging
 18015 | Lair:3   | Found a shimmering altar of Xom.
 18183 | Lair:3   | Noticed an eight-headed hydra
 18191 | Lair:3   | Killed a nine-headed hydra
 18632 | Lair:3   | Reached skill level 15 in Axes
 19017 | Lair:3   | Reached XP level 13. HP: 116/116 MP: 12/12
 19220 | Lair:3   | Received a gift from Trog
 19799 | Lair:4   | Found a staircase to the Shoals.
 19874 | Lair:4   | Noticed Nessos
 19896 | Lair:4   | Killed Nessos
 20461 | Lair:4   | Slain by a death yak

Vault maps used:
D:1:      tarquinn_simple_flora_water_f
D:2:      kennysheep_small_spiral, nemelex_spade_bored_becter
D:3:      first_ration
D:4:      corexii_corridor_pit
D:5:      nemelex_xobeh_ov_fountains_minmay, lemuel_coloured_pillars_altar,
          uniq_blork_the_orc
D:6:      nicolae_overflow_crystal_walls, minmay_temple_entry_mist
D:7:      uniq_prince_ribbit1
D:8:      kiku_gazebo_garden_becter, makhleb_heckhound_becter, uniq_psyche,
          uniq_pikel
D:9:      okawaru_metal_pillars_1_2, erik_orc_1, hangedman_little_slice_of_home
D:10:     dpeg_oklobed_lair, serial_shops, shop_fountains, solitary_fountain
D:11:     minmay_misc_feat_square, uniq_josephine
Temple:   nicolae_temple_x_marks_the_god
Lair:1:   basic_altar
Lair:2:   spider_nest_entry_rubble
Lair:3:   basic_altar
Lair:4:   minmay_shoals_entry_hut, beast_lair_carwin_4, lemuel_fruit_tree,
          uniq_nessos

Skill      XL: |  1  2  3  4  5  6  7  8  9 10 11 12 |
---------------+-------------------------------------+-----
Axes           | 4 5 6 7 9 10 12 13 15 | 15.4
Fighting       | 4 5 6 8 9 10 11 | 11.7
Stealth        | 1 2 3 4 5 6 7 8 |  8.6
Armour         | 3 4 5 6 7 8 9 11 | 11.4
Dodging        | 3 4 5 6 8 9 10 | 10.6

Action                   |  1- 3 |  4- 6 |  7- 9 | 10-12 | 13-15 || total
-------------------------+-------+-------+-------+-------+-------++-------
Melee: Hand axe          |    47 |   145 |   280 |   507 |       ||   979
       Headbutt          |     8 |    29 |    57 |   199 |    21 ||   314
       Broad axe         |       |       |       |   266 |    78 ||   344
Invok: Berserk           |     4 |     4 |     9 |    15 |     2 ||    34
       Trog's Hand       |       |       |     1 |     3 |       ||     4
       Brothers in Arms  |       |       |       |     6 |     3 ||     9
Evoke: Wand              |       |       |       |     4 |     4 ||     8
  Use: Scroll            |     8 |     2 |    12 |     8 |     3 ||    33
       Potion            |       |       |     2 |     4 |     3 ||     9
 Stab: Sleeping          |     1 |       |       |       |       ||     1
       Distracted        |       |       |       |     1 |       ||     1
  Eat: Ration            |     1 |       |     4 |     6 |     2 ||    13
       Chunk             |     1 |    13 |    10 |    33 |     2 ||    59
Armor: Animal skin       |     5 |       |       |       |       ||     5
       Chain mail        |    13 |    91 |    31 |       |       ||   135
       Scale mail        |       |       |    74 |    36 |       ||   110
       Plate armour      |       |       |       |   349 |    43 ||   392
Dodge: Dodged            |    30 |    67 |   126 |   336 |    53 ||   612
Block: Buckler           |     2 |    22 |    32 |   117 |    12 ||   185

Table legend:
 A = Spawn XP
 B = Non-spawn XP
 C = Spawn XP percentage of total XP
 D = Spawn monster count
 E = Non-spawn monster count
 F = Spawn count percentage of total count
 G = Total turns spent on level
                    A         B        C        D         E        F      G
               +---------+---------+-------+---------+---------+-------+---------
         Total |       0 |   45955 |   0.0 |       0 |     349 |   0.0 | 20461
               +---------+---------+-------+---------+---------+-------+---------
           D:1 |       0 |      30 |   0.0 |       0 |      15 |   0.0 |  1382
           D:2 |       0 |     121 |   0.0 |       0 |      22 |   0.0 |   912
           D:3 |       0 |     321 |   0.0 |       0 |      25 |   0.0 |  1061
           D:4 |       0 |     444 |   0.0 |       0 |      20 |   0.0 |  1718
           D:5 |       0 |     663 |   0.0 |       0 |      13 |   0.0 |   955
           D:6 |       0 |     591 |   0.0 |       0 |      14 |   0.0 |   682
           D:7 |       0 |    1072 |   0.0 |       0 |      16 |   0.0 |  1929
           D:8 |       0 |    3347 |   0.0 |       0 |      36 |   0.0 |  1231
           D:9 |       0 |    2041 |   0.0 |       0 |      37 |   0.0 |  1521
          D:10 |       0 |    3246 |   0.0 |       0 |      29 |   0.0 |  1936
          D:11 |       0 |    9055 |   0.0 |       0 |      33 |   0.0 |  1493
        Lair:1 |       0 |    7007 |   0.0 |       0 |      30 |   0.0 |  1723
        Lair:2 |       0 |    4503 |   0.0 |       0 |      16 |   0.0 |  1279
        Lair:3 |       0 |    6826 |   0.0 |       0 |      27 |   0.0 |  1792
        Lair:4 |       0 |    6688 |   0.0 |       0 |      16 |   0.0 |   786
               +---------+---------+-------+---------+---------+-------+---------
